Map: Arctic Dream LE

Players

AmunRa - Winner!

  • Race: Protoss Protoss
  • Spawn Location: 12:00

Anubis - Winner!

  • Race: Zerg Zerg
  • League: Platinum
  • Spawn Location: 11:00

PeekaChi

  • Race: Terran Terran
  • League: Master
  • Spawn Location: 6:00

Hazel

  • Race: Terran Terran
  • League: Grandmaster
  • Spawn Location: 5:00

VOD

https://www.youtube.com/playlist?list=PLhV6jiwR6Y3Xx910v8R7MyUyTNDXfb6ro

Description

These show a nexus 3 Gate Stalker build that gets 7 fast Stalkers and a reasonably timed expansion. The goal is to bust walls to help Zerg allies flood Zerglings and Terran allies flood Hellions.

Time

  • Played on: March 6, 2021, 8:20 p.m.
  • Length: 29:35
Show
View Real Time Build Order
Export as new Build Order

AmunRa Protoss - Winner!

Build Orders: 1 Gate Expand 

Get SALT Encoding   

  12  0:00  Probe  
  13  0:13  Probe  
  14  0:19  Pylon  
  14  0:25  Probe  
  15  0:40  Gateway  
  15  0:45  Probe  
  16  0:52  Assimilator  
  16  0:57  Probe  
  17  1:09  Probe  
  18  1:22  Probe  
  19  1:27  Cybernetics Core  
  19  1:38  Nexus  
  19  1:45  Probe  
  20  1:51  Pylon  
  20  1:57  Warp Gate (Chrono Boost), Probe  
  21  2:05  Stalker  
  23  2:16  Gateway  
  23  2:20  Probe  
  24  2:34  Stalker (Chrono Boost)  
  24  2:35  Gateway  
  26  2:39  Probe  
  27  2:45  Assimilator  
  27  2:50  Probe  
  28  2:58  Probe  
  29  3:02  Stalker (Chrono Boost)  
  33  3:08  Stalker (Chrono Boost)  
  33  3:11  Probe x2  
  35  3:23  Probe  
  35  3:24  Probe  
  37  3:31  Stalker x2  
  41  3:37  Stalker  
  43  3:43  Pylon  
  43  3:58  Stalker  
  43  4:00  Probe  
  40  4:32  Stalker x2  
  40  4:33  Probe, Stalker  
  40  4:34  Probe  
  40  4:38  Pylon  
  48  4:46  Probe x2  
  48  4:47  Robotics Facility  
  50  4:58  Probe x2  
  52  5:11  Stalker x3  
  52  5:12  Probe x2  
  60  5:18  Twilight Council  
  60  5:24  Probe x2  
  60  5:36  Probe, Observer (Chrono Boost)  
  62  5:54  Probe x2  
  62  6:09  Nexus  
  62  6:10  Blink (Chrono Boost)  
  62  6:11  Pylon  
  62  6:12  Pylon  
  62  6:14  Pylon  
  62  6:16  Pylon  
  62  6:21  Pylon  
  62  6:25  Pylon  
  62  6:28  Forge  
  62  6:29  Observer, Probe  
  62  6:31  Assimilator  
  64  6:33  Assimilator  
  64  6:34  Probe  
  65  6:41  Shield Battery, Probe  
  65  6:45  Shield Battery  
  65  6:46  Probe  
  67  6:53  Probe  
  68  6:54  Protoss Ground Weapons Level 1 (Chrono Boost)  
  68  6:58  Probe  
  69  7:05  Probe  
  69  7:07  Photon Cannon  
  70  7:10  Probe  
  69  7:17  Probe  
  69  7:22  Probe  
  71  7:23  Gateway  
  71  7:25  Gateway  
  71  7:27  Gateway  
  72  7:30  Probe x2  
  72  7:33  Gateway  
  72  7:34  Probe  
  72  7:35  Stalker x2  
  72  7:36  Stalker  
  80  7:37  Gateway  
  80  7:42  Pylon, Probe x2  
  82  7:46  Probe  
  82  7:47  Assimilator  
  82  7:51  Assimilator  
  83  7:54  Probe x2  
  85  8:04  Probe  
  86  8:06  Probe  
  86  8:07  Probe  
  88  8:16  Probe  
  88  8:17  Stalker x2  
  93  8:22  Gateway  
  93  8:23  Gateway  
  93  8:24  Nexus  
  93  8:25  Photon Cannon  
  93  8:26  Pylon  
  93  8:27  Assimilator  
  93  8:29  Pylon  
  93  8:31  Assimilator  
  93  8:32  Photon Cannon  
  93  8:35  Pylon x2  
  93  8:36  Pylon  
  93  8:57  Protoss Ground Weapons Level 2 (Chrono Boost), Stalker x3  
  93  8:58  Stalker x4  
  93  8:59  Probe x3  
  110  9:04  Observer  
  111  9:11  Probe x3  
  114  9:18  Stalker x2  
  114  9:23  Probe x3  
  121  9:28  Pylon  
  121  9:31  Photon Cannon  
  121  9:33  Stalker x3  
  121  9:34  Stalker  
  121  9:36  Photon Cannon  
  121  9:38  Shield Battery  
  129  9:45  Robotics Bay, Probe x4  
  123  9:55  Stalker  
  123  9:56  Zealot x4  
  123  9:57  Charge (Chrono Boost), Probe  
  134  10:08  Templar Archives  
  134  10:11  Probe x2  
  136  10:20  Nexus  
  136  10:23  Pylon  
  136  10:27  Pylon  
  136  10:29  Pylon  
  136  10:42  Stalker x4  
  140  10:43  Stalker x4  
  140  10:44  Stalker  
  140  10:46  Observer (Chrono Boost)  
  146  11:08  Probe x3  
  149  11:15  Psionic Storm  
  149  11:23  Extended Thermal Lance  
  149  11:27  High Templar  
  149  11:28  High Templar x6  
  149  11:29  High Templar x2  
  167  11:35  Gateway  
  167  11:39  Gateway  
  167  11:41  Probe x4  
  167  11:42  Gateway  
  167  11:43  Assimilator  
  167  11:45  Gateway  
  167  11:47  Assimilator  
  171  11:54  Gateway  
  171  11:56  Gateway  
  171  11:58  Gateway  
  161  12:01  Gateway  
  161  12:07  Stalker x4  
  157  12:08  Zealot x2  
  157  12:09  Zealot x3, Immortal (Chrono Boost)  
  163  12:25  Photon Cannon  
  160  12:30  Photon Cannon  
  160  12:31  Photon Cannon  
  160  12:36  Photon Cannon  
  158  12:39  Photon Cannon, Stalker x4  
  158  12:40  Stalker  
  158  12:41  Photon Cannon  
  167  12:45  Observer (Chrono Boost)  
  166  13:05  High Templar x4  
  174  13:06  High Templar x2  
  174  13:07  High Templar x4  
  174  13:08  High Templar x3  
  174  13:11  Protoss Ground Weapons Level 3 (Chrono Boost)  
  192  13:28  Probe x5  
  197  13:37  Zealot  
  197  13:40  Probe  
  200  13:47  Gravitic Boosters (Chrono Boost)  
  148  14:14  Archon x3  
  148  14:15  Archon x2  
  120  14:19  High Templar x3  
  120  14:20  High Templar x2  
  120  14:21  High Templar x2  
  120  14:22  Zealot  
  120  14:23  Zealot x6  
  130  14:25  Zealot x3  
  130  14:29  Probe x4  
  130  14:30  Probe  
  141  14:34  Colossus (Chrono Boost)  
  147  14:41  Probe x3  
  147  14:42  Probe  
  147  14:45  Probe  
  152  14:52  Forge  
  152  14:53  Probe x2  
  152  14:56  Probe x2  
  152  14:57  Probe  
  152  14:58  High Templar x4  
  152  14:59  Zealot  
  167  15:00  Zealot x4  
  167  15:01  Zealot x5  
  167  15:02  Zealot  
  167  15:05  Probe x2  
  167  15:07  Zealot  
  191  15:17  Robotics Facility  
  191  15:18  Robotics Facility  
  191  15:21  Observer  
  192  15:27  Nexus  
  192  15:36  High Templar x3  
  192  15:38  Zealot  
  152  16:13  Zealot x3  
  152  16:14  Zealot x5  
  152  16:16  Zealot  
  152  16:17  Zealot x4, Immortal (Chrono Boost)  
  150  16:19  Immortal (Chrono Boost)  
  136  16:28  Protoss Ground Armor Level 1  
  136  16:29  Protoss Shields Level 1  
  136  16:32  Immortal (Chrono Boost)  
  136  16:33  Pylon  
  140  16:45  High Templar x4  
  148  16:47  Zealot x4, Immortal (Chrono Boost)  
  148  16:48  Zealot x2  
  148  16:50  Zealot  
  117  17:19  High Templar x4  
  121  17:23  Assimilator, Zealot x2  
  121  17:24  Zealot x3, Immortal  
  121  17:26  Zealot x7  
  121  17:27  Zealot  
  121  17:28  Assimilator, Probe x4  
  134  17:50  Stalker x2  
  134  17:51  Stalker x4  
  141  17:53  Immortal x2  
  153  18:03  Immortal  
  153  18:04  High Templar x2  
  161  18:05  Zealot x2  
  161  18:06  Zealot x4  
  173  18:21  High Templar x2  
  173  18:22  Zealot x4  
  173  18:23  Zealot x2  
  189  18:27  Nexus  
  189  18:32  Pylon  
  185  18:50  Shield Battery  
  185  18:52  Shield Battery  
  185  18:54  Shield Battery  
  185  18:56  High Templar  
  185  18:57  Immortal x3  
  185  18:59  Assimilator  
  199  19:03  Assimilator  
  173  19:36  Observer  
  173  19:37  Observer x2, Stalker  
  170  19:41  Nexus  
  152  19:57  Colossus (Chrono Boost)  
  152  19:58  Observer  
  165  20:00  Stalker x4  
  165  20:01  Zealot x4  
  165  20:02  Zealot x3  
  165  20:04  Colossus (Chrono Boost)  
  163  20:16  Colossus (Chrono Boost)  
  163  20:22  Zealot x2  
  165  20:44  Colossus (Chrono Boost)  
  157  20:51  Colossus  
  129  20:58  Stalker x5  
  129  20:59  Stalker x3  
  129  21:02  Colossus  
  131  21:07  Stalker x4  
  131  21:08  Stalker x6  
  131  21:09  Stalker x5  
  145  21:24  Protoss Ground Armor Level 2  
  131  21:34  Colossus  
  113  21:42  Stalker x4  
  113  21:43  Stalker  
  113  21:44  Colossus  
  106  21:58  Zealot x4  
  106  21:59  Zealot x5  
  124  22:08  Observer  
  123  22:22  Zealot x2  
  117  22:23  Zealot  
  117  22:29  Observer x2  
  123  22:38  Colossus  
  123  22:41  Stalker x2  
  123  22:43  Stalker  
  135  22:46  Assimilator  
  135  22:49  Colossus  
  141  22:58  Stalker x3  
  147  22:59  Probe  
  147  23:00  Probe x2  
  150  23:23  Colossus  
  156  23:29  Nexus  
  97  23:44  Stalker x4  
  97  23:45  Stalker x2  
  97  23:46  Probe  
  96  23:59  Colossus  
  102  24:02  Zealot  
  104  24:13  Stalker x2  
  104  24:15  Zealot  
  92  24:40  Nexus  
  92  24:51  Immortal (Chrono Boost)  
  100  25:01  Immortal (Chrono Boost)  
  100  25:18  Observer  
  101  25:26  Observer  
  102  25:33  Immortal  
  104  25:40  Immortal  
  104  25:45  Cybernetics Core  
  104  25:47  Immortal  
  68  26:23  Zealot x6  
  68  26:24  Zealot x4  
  68  26:25  Zealot  
  40  26:56  Zealot x4  
  39  27:08  Templar Archives  
  34  27:19  Zealot x3  
  34  27:20  Zealot x6  
  34  27:21  Zealot  
  46  27:46  High Templar x5  
  46  27:47  High Templar x2  
  46  27:50  High Templar  
  62  28:16  Zealot, High Templar  
  66  28:21  Observer (Chrono Boost)  
  60  29:01  High Templar  
  62  29:03  Zealot x6  
  62  29:04  Zealot x2  
  78  29:31  High Templar  
Show
View Real Time Build Order
Export as new Build Order

Anubis Zerg - Winner!

Build Orders: Hatch First 

Get SALT Encoding   

  12  0:06  Drone  
  13  0:15  Overlord  
  13  0:26  Drone  
  14  0:34  Drone x2  
  16  0:51  Hatchery  
  15  0:57  Drone  
  15  0:59  Drone  
  17  1:12  Extractor  
  17  1:14  Spawning Pool  
  17  1:15  Drone  
  16  1:19  Drone  
  16  1:23  Drone  
  18  1:36  Drone  
  19  1:44  Drone  
  20  1:54  Overlord  
  20  2:03  Queen  
  22  2:12  Metabolic Boost  
  22  2:23  Zergling x6  
  25  2:30  Hatchery  
  25  2:31  Zergling x4  
  25  2:32  Zergling x2  
  25  2:36  Zergling x2  
  28  2:43  Zergling x2  
  29  2:47  Zergling x4  
  31  2:59  Zergling x4  
  33  3:08  Zergling x2  
  34  3:13  Zergling x2  
  35  3:21  Overlord, Queen, Spore Crawler  
  36  3:40  Drone x2  
  35  3:59  Zergling x20  
  40  4:09  Zergling x4  
  36  4:14  Zergling x2  
  36  4:15  Zergling x2  
  38  4:20  Queen  
  38  4:23  Lair  
  40  4:30  Spore Crawler  
  39  4:34  Drone x4  
  43  4:40  Spore Crawler  
  41  4:54  Drone x4  
  41  4:55  Drone  
  38  5:12  Drone x3  
  41  5:14  Overlord x2  
  41  5:22  Extractor  
  41  5:24  Extractor  
  41  5:26  Extractor  
  38  5:43  Drone x3  
  41  6:00  Queen  
  41  6:02  Overlord x2  
  41  6:04  Overseer  
  43  6:15  Drone x11  
  43  6:16  Drone x3  
  57  6:26  Spore Crawler  
  54  6:51  Queen  
  54  6:52  Drone x3  
  54  6:53  Drone x3  
  62  6:58  Spire, Overseer  
  62  7:00  Spore Crawler  
  60  7:14  Zergling x16  
  60  7:15  Zergling x8  
  71  7:37  Queen  
  71  7:40  Baneling Nest  
  72  7:52  Extractor  
  72  7:54  Extractor  
  69  8:07  Queen  
  69  8:29  Mutalisk  
  69  8:30  Mutalisk  
  69  8:31  Overlord x3  
  69  8:32  Overlord x5  
  69  8:33  Centrifugal Hooks  
  73  8:34  Zerg Flyer Weapons Level 1  
  71  8:48  Drone x4  
  73  8:58  Mutalisk x7  
  73  8:59  Mutalisk x3  
  93  9:05  Drone  
  93  9:09  Spore Crawler  
  93  9:24  Mutalisk x6  
  105  9:31  Evolution Chamber  
  105  9:32  Evolution Chamber  
  103  9:41  Drone x4  
  107  9:52  Hatchery  
  106  10:03  Pneumatized Carapace  
  106  10:06  Drone x4  
  106  10:07  Drone x8  
  117  10:09  Baneling  
  117  10:10  Baneling x3  
  117  10:11  Baneling  
  117  10:13  Drone  
  119  10:14  Drone  
  120  10:25  Drone x2  
  120  10:26  Drone x5  
  127  10:33  Drone  
  127  10:34  Drone x2  
  110  11:00  Drone x13  
  87  11:19  Zergling x8  
  87  11:20  Zergling x12  
  93  11:33  Zergling x14  
  93  11:35  Queen  
  93  11:37  Zerg Melee Weapons Level 1  
  93  11:39  Drone  
  103  11:56  Drone x6  
  104  12:10  Drone x2  
  104  12:11  Drone x4  
  110  12:23  Drone x2  
  110  12:24  Drone x3  
  113  12:41  Zergling x4  
  113  12:42  Drone x5  
  113  12:43  Drone  
  121  12:45  Drone  
  121  12:47  Zergling x2  
  123  13:24  Zergling x16  
  123  13:25  Zergling x8  
  133  13:52  Zergling x2  
  133  13:53  Zergling x14  
  139  14:14  Overlord x8  
  137  14:45  Drone  
  137  14:48  Drone x10  
  137  14:49  Drone  
  142  15:02  Extractor  
  142  15:04  Queen  
  142  15:06  Extractor, Drone x4  
  146  15:25  Spire, Spore Crawler  
  146  15:26  Spore Crawler  
  143  15:31  Baneling x6  
  143  15:32  Baneling x3  
  143  15:39  Zerg Melee Weapons Level 2  
  143  15:40  Zerg Ground Armor Level 1  
  143  15:55  Spore Crawler  
  143  15:56  Spore Crawler  
  141  16:24  Zergling x2  
  141  16:25  Zergling x30  
  151  17:01  Hatchery  
  150  17:09  Lair  
  150  17:10  Mutalisk x2  
  150  17:15  Hatchery  
  114  17:43  Corruptor  
  114  17:44  Corruptor x2  
  101  18:25  Hatchery, Infestation Pit  
  101  18:26  Mutalisk x3  
  102  18:48  Zerg Ground Armor Level 2  
  102  18:54  Hydralisk Den  
  101  18:58  Hatchery  
  100  19:09  Hive  
  100  19:24  Grooved Spines  
  100  19:25  Hatchery  
  100  19:28  Lurker Den  
  98  19:42  Hydralisk x4  
  98  19:45  Hydralisk x6  
  112  19:46  Hydralisk x2  
  112  19:48  Hydralisk x3  
  128  19:52  Hydralisk  
  128  19:53  Drone, Hydralisk x5  
  141  20:09  Hydralisk x4  
  141  20:10  Hydralisk x5  
  159  20:34  Spore Crawler x2  
  157  20:36  Muscular Augments  
  157  20:37  Lurker x2, Spine Crawler x2  
  157  20:41  Spore Crawler, Hydralisk x12  
  157  20:42  Hydralisk x3  
  186  20:56  Adrenal Glands  
  186  21:00  Corruptor x5  
  196  21:10  Zerg Melee Weapons Level 3  
  194  21:33  Lurker x4  
  194  21:34  Lurker x2  
  194  22:11  Hydralisk x5  
  194  22:12  Hydralisk x2  
  136  22:32  Corruptor  
  136  22:33  Corruptor x15  
  136  22:34  Corruptor  
  158  22:40  Extractor  
  158  22:41  Extractor  
  158  22:43  Greater Spire  
  156  23:09  Lurker x4  
  156  23:10  Lurker x3  
  163  23:19  Seismic Spines  
  163  23:43  Spine Crawler x2  
  163  23:44  Spore Crawler  
  163  23:48  Extractor  
  159  23:50  Extractor  
  158  23:59  Brood Lord  
  158  24:00  Brood Lord x6  
  158  24:01  Brood Lord x2  
  176  24:16  Adaptive Talons  
  176  24:20  Spore Crawler, Spine Crawler  
  159  25:57  Corruptor  
  159  25:58  Corruptor x16  
  159  25:59  Corruptor x3  
  199  26:18  Zergling x2  
  192  27:16  Brood Lord x4  
  198  28:11  Zergling x4  
  197  28:59  Zergling x2  
  197  29:00  Zergling x4  
  198  29:13  Spine Crawler x2  
Show
View Real Time Build Order
Export as new Build Order

PeekaChi Terran 

Build Orders:  

Get SALT Encoding   

  12  0:01  SCV  
  13  0:13  SCV  
  14  0:17  Supply Depot  
  14  0:25  SCV  
  15  0:39  SCV  
  15  0:41  Barracks  
  16  0:45  Refinery  
  16  0:51  SCV  
  17  1:03  SCV  
  18  1:15  SCV  
  19  1:28  Orbital Command  
  19  1:30  Marine  
  20  1:41  Command Center  
  20  1:51  Barracks  
  20  1:54  SCV  
  20  1:57  Barracks Reactor  
  21  2:06  SCV  
  21  2:07  Supply Depot  
  22  2:16  Factory  
  22  2:19  SCV  
  23  2:23  Refinery  
  23  2:31  SCV  
  23  2:33  Marine x2  
  26  2:39  Barracks Tech Lab  
  26  2:43  SCV  
  27  2:51  Marine x2  
  27  2:54  Orbital Command  
  27  2:55  SCV  
  30  2:59  Stimpack  
  30  3:02  Marine  
  31  3:11  Marine x2  
  31  3:12  SCV  
  34  3:20  Starport  
  34  3:21  Factory Reactor  
  34  3:23  SCV  
  34  3:26  Marine  
  36  3:28  SCV  
  36  3:31  Marine  
  36  3:32  Marine  
  39  3:37  SCV  
  39  3:41  SCV  
  41  3:44  Marine  
  42  3:48  Marine  
  42  3:49  SCV  
  39  4:01  Marine  
  27  4:03  Hellion x2  
  27  4:04  Marine  
  27  4:09  SCV  
  25  4:10  SCV  
  22  4:19  Marine  
  22  4:21  SCV  
  22  4:22  Marine  
  25  4:27  SCV  
  26  4:35  SCV  
    5:16  Orbital Command  
    5:20  Starport Tech Lab  
    5:39  Banshee  
    5:40  Cloaking Field  
  3  5:45  SCV  
  3  5:47  Orbital Command  
  4  6:19  SCV  
  4  6:25  Banshee  
  7  6:41  SCV  
  7  6:42  SCV  
  9  6:57  SCV x2  
  11  7:07  Refinery  
  11  7:08  Refinery  
  11  7:09  SCV  
  10  7:21  SCV  
  11  7:45  SCV  
  12  7:55  Orbital Command  
  12  7:57  SCV  
  13  8:13  SCV  
  14  8:47  SCV x2  
  16  8:50  Starport Tech Lab  
  16  8:59  SCV x2  
  18  9:10  Banshee  
  18  9:11  SCV x2  
  23  9:19  Hyperflight Rotors  
  23  9:27  SCV x2  
  25  9:39  SCV  
  25  9:40  SCV  
  27  9:52  SCV  
  28  9:53  Banshee  
  28  9:56  Factory Tech Lab  
  28  9:57  SCV  
  32  10:04  SCV  
  33  10:09  SCV  
  34  10:16  SCV  
  35  10:22  Mag-Field Accelerator  
  35  10:49  SCV x2  
  37  11:01  SCV  
  38  11:10  SCV  
  33  11:16  SCV  
  37  11:19  Command Center  
  37  11:20  Cyclone  
  37  11:22  SCV  
  41  11:31  SCV  
  42  11:37  SCV  
  42  11:39  Barracks  
  40  11:43  SCV  
  41  11:49  SCV  
  42  11:54  Cyclone  
  42  11:55  SCV  
  46  12:30  SCV x2  
  41  12:42  SCV x2  
  25  12:54  SCV x2  
  24  13:01  Cyclone  
  23  13:06  SCV  
  23  13:10  Orbital Command  
  23  13:11  SCV  
  25  13:13  Factory  
  25  13:17  Factory  
  25  13:18  Command Center  
  25  13:19  SCV  
  26  13:20  Engineering Bay  
  26  13:28  SCV  
  26  13:31  Factory  
  26  13:33  Cyclone  
  30  13:35  SCV  
  22  13:51  SCV  
  19  13:58  Factory Tech Lab  
  17  14:05  Cyclone  
  18  14:10  SCV x2  
  18  14:11  SCV  
  17  14:22  SCV  
  17  14:23  Factory Tech Lab x2  
  14  14:27  SCV x2  
  13  14:33  Hellion  
  13  14:34  SCV  
  13  14:37  Cyclone  
  18  14:39  SCV  
  16  14:45  Cyclone  
  16  14:46  Cyclone  
  21  15:08  SCV  
  21  15:13  SCV x2  
  25  15:18  Orbital Command  
  25  15:20  SCV  
  25  15:25  SCV  
  25  15:26  SCV  
  25  15:28  Cyclone  
  30  15:33  SCV  
  31  15:37  SCV  
  31  15:39  SCV  
  33  15:44  SCV  
  33  15:45  SCV  
  35  15:51  Orbital Command, SCV x2  
  35  15:54  Engineering Bay  
  37  16:00  Widow Mine x2  
  37  16:01  SCV  
  42  16:05  Refinery  
  42  16:19  Widow Mine  
  42  16:20  Widow Mine  
  46  16:30  Widow Mine x2  
  47  16:51  Widow Mine x2  
  47  16:52  Widow Mine x2  
  47  16:53  SCV x4  
  50  17:05  SCV x3  
  50  17:07  SCV  
  54  17:16  Widow Mine x2  
  54  17:17  SCV, Widow Mine  
  59  17:39  SCV x3  
  59  17:40  Cyclone x4  
  59  17:43  SCV  
  75  17:51  SCV  
  76  17:59  SCV x2  
  76  18:01  Infernal Pre-Igniter  
  70  18:11  SCV  
  70  18:12  SCV x2  
  70  18:16  SCV  
  63  18:23  SCV  
  61  18:29  SCV  
  61  18:34  SCV  
  61  18:37  SCV  
  63  18:46  SCV  
  63  18:47  SCV  
  65  18:48  SCV  
  65  18:50  SCV  
  67  19:00  Cyclone  
  54  19:20  SCV x4  
  58  19:25  Refinery  
  58  19:26  Refinery  
  58  19:31  Refinery  
  58  19:32  SCV x3  
  58  19:35  SCV  
  62  19:44  SCV x2  
  64  19:50  Cyclone x2  
  70  19:56  SCV x2  
  69  20:12  SCV x2  
  69  20:13  Cyclone x2  
  69  20:15  SCV  
  69  20:19  SCV  
  69  20:20  Barracks Reactor  
  71  20:22  Factory  
  73  20:28  Hellion  
  73  20:29  Hellion  
  73  20:31  SCV  
  76  20:46  Armory  
  76  20:47  Armory  
  76  20:53  Supply Depot  
  76  21:07  Supply Depot  
  76  21:12  Supply Depot  
  76  21:14  SCV x4  
  76  21:15  Hellion x2  
  84  21:22  Hellion  
  83  21:27  Hellion x2, Orbital Command, SCV x2  
  80  21:36  Siege Tank x2  
  80  21:37  Hellion x7  
  80  21:38  SCV  
  87  21:43  Siege Tank x2  
  90  21:48  Hellion  
  82  22:26  Orbital Command  
  82  22:27  Cyclone x2  
  82  22:28  Hellion, Cyclone x2  
  82  22:29  Hellion  
  93  22:35  SCV x2  
  95  22:50  Hellion  
  97  22:51  Terran Vehicle Weapons Level 1  
  97  23:04  Siege Tank x2  
  93  23:07  SCV  
  94  23:19  Cyclone x2  
  100  23:27  Refinery  
  100  23:30  SCV  
  92  23:36  Siege Tank  
  95  23:43  Siege Tank  
  98  23:50  Hellion  
  100  24:07  Supply Depot x2  
  100  24:28  Cyclone x2  
  100  24:29  Siege Tank x2, Hellion  
  101  24:55  Terran Vehicle Weapons Level 2  
  101  24:56  Terran Vehicle And Ship Armor Level 1  
  9  26:51  Factory Tech Lab, Terran Vehicle And Ship Armor Level 2  
  9  27:00  Factory Tech Lab  
  12  27:29  Command Center  
  8  28:14  Factory Tech Lab  
  8  28:15  Factory Tech Lab  
Show
View Real Time Build Order
Export as new Build Order

Hazel Terran 

Build Orders:  

Get SALT Encoding   

  12  0:00  SCV  
  13  0:12  SCV  
  14  0:17  Supply Depot  
  14  0:23  Refinery  
  14  0:27  SCV  
  15  0:39  SCV  
  16  0:45  Barracks  
  16  0:52  SCV  
  17  1:04  SCV  
  18  1:16  SCV  
  19  1:28  SCV  
  20  1:35  Marine  
  21  1:41  Orbital Command  
  21  1:46  Command Center  
  21  1:55  Supply Depot  
  21  2:03  Factory  
  21  2:07  SCV  
  22  2:13  Refinery  
  22  2:15  Marine  
  22  2:19  SCV  
  24  2:31  SCV  
  24  2:35  Barracks Reactor  
  25  2:44  SCV  
  25  2:48  Starport  
  26  2:51  Widow Mine  
  26  2:57  SCV  
  29  2:59  Refinery, Orbital Command  
  29  3:05  Refinery  
  29  3:09  SCV  
  29  3:12  Marine x2  
  32  3:17  Widow Mine  
  34  3:21  SCV  
  34  3:26  Fusion Core  
  35  3:29  SCV  
  35  3:33  Marine, SCV  
  35  3:34  Marine  
  38  3:38  Starport Tech Lab  
  39  3:41  SCV  
  39  3:44  Widow Mine  
  42  3:56  Marine x2  
  42  3:58  SCV  
  42  4:01  Supply Depot x2  
  43  4:14  Marine x2  
  41  4:22  SCV  
  41  4:23  SCV  
  42  4:25  Battlecruiser  
  42  4:27  Widow Mine  
  48  4:32  Marine x2  
  48  4:35  SCV x2  
  52  4:48  SCV, Widow Mine  
  52  4:49  Weapon Refit  
  55  4:53  Marine x2  
  56  5:09  Widow Mine  
  56  5:11  Marine x2  
  56  5:12  SCV x2  
  62  5:17  Supply Depot  
  62  5:19  Supply Depot  
  62  5:24  SCV  
  56  5:28  Marine  
  56  5:29  Marine  
  56  5:31  Widow Mine  
  54  5:39  SCV  
  54  5:41  Battlecruiser  
  60  5:43  SCV  
  60  5:46  Marine x2  
  63  5:58  SCV x2  
  63  5:59  Factory Tech Lab  
  65  6:04  Marine x2  
  65  6:05  Barracks  
  65  6:08  Factory  
  65  6:10  SCV x2  
  69  6:22  Marine x2, SCV  
  69  6:25  Supply Depot  
  72  6:26  SCV  
  72  6:31  Command Center  
  72  6:32  Starport  
  73  6:40  Siege Tank, Marine x2  
  73  6:45  Armory  
  78  6:48  SCV  
  78  6:51  Supply Depot  
  78  6:53  Supply Depot  
  79  6:57  Marine  
  79  6:59  SCV  
  79  7:00  SCV  
  82  7:17  Barracks Tech Lab, Marine x2  
  82  7:18  Siege Tank  
  82  7:19  Factory Tech Lab, Starport Tech Lab  
  82  7:21  Battlecruiser  
  93  7:31  SCV  
  94  7:42  Supply Depot  
  94  7:43  Supply Depot  
  94  7:45  Marine  
  94  7:46  Marine  
  94  7:47  Marauder  
  94  7:49  Stimpack  
  98  7:53  Battlecruiser  
  98  7:54  Terran Ship Weapons Level 1  
  98  7:56  Siege Tank  
  108  8:05  SCV  
  108  8:15  Marine  
  108  8:16  Marine  
  108  8:17  Marauder  
  108  8:18  Orbital Command  
  112  8:26  Battlecruiser  
  118  8:27  SCV x2  
  120  8:35  Refinery  
  120  8:37  Refinery  
  120  8:39  Marine x3, SCV  
  124  8:43  Armory  
  124  8:46  SCV  
  124  8:47  Command Center  
  125  8:51  SCV  
  126  8:56  Marine  
  126  8:57  Marine  
  126  8:58  SCV  
  126  8:59  SCV  
  130  9:03  SCV  
  130  9:09  Marauder  
  133  9:15  Supply Depot  
  133  9:16  Supply Depot  
  133  9:19  Supply Depot  
  133  9:36  Siege Tank, Marine, Marauder, SCV x2, Engineering Bay  
  133  9:37  Marine, SCV  
  133  9:38  Engineering Bay  
  143  9:48  SCV x2  
  143  9:49  SCV  
  146  9:54  Marine  
  146  9:55  Marine  
  146  9:57  Thor  
  146  9:58  Marauder  
  156  10:00  SCV  
  156  10:02  Terran Vehicle Weapons Level 1  
  156  10:03  Terran Vehicle And Ship Armor Level 1  
  156  10:06  SCV x2, Factory  
  159  10:11  Marine  
  159  10:12  Command Center, SCV  
  159  10:13  Marine  
  162  10:19  Marauder  
  164  10:29  Marine  
  164  10:30  Marine  
  166  10:41  Marauder  
  168  11:00  Missile Turret x2  
  168  11:02  Marauder, Missile Turret  
  168  11:04  Missile Turret  
  170  11:10  Marine x2  
  160  11:13  Planetary Fortress  
  160  11:16  SCV x3  
  157  11:23  Marauder  
  157  11:24  Combat Shield  
  147  11:28  Marine x2, SCV x2  
  151  11:33  Barracks x2  
  151  11:35  SCV  
  151  11:37  Missile Turret  
  151  11:38  Starport Reactor  
  152  11:40  SCV, Missile Turret x3  
  152  11:41  Starport Reactor, Missile Turret  
  152  11:42  Missile Turret  
  152  11:45  Marine, Marauder, Missile Turret  
  147  12:01  SCV x4  
  147  12:06  Marauder  
  128  12:13  SCV x3  
  128  12:14  SCV  
  130  12:16  Planetary Fortress  
  130  12:20  Command Center  
  130  12:25  SCV  
  130  12:27  Marauder  
  130  12:29  Thor  
  139  12:30  Thor x2  
  139  12:33  Refinery  
  151  12:38  Refinery  
  151  12:43  Missile Turret  
  151  12:44  Missile Turret  
  151  12:45  Terran Infantry Weapons Level 1, Terran Infantry Armor Level 1  
  151  12:46  Missile Turret x2  
  151  12:49  Marauder  
  153  12:58  Marine x4  
  157  13:10  Marauder  
  157  13:11  Missile Turret  
  157  13:12  Missile Turret  
  159  13:15  Marine x2  
  159  13:16  Marine  
  161  13:21  SCV x4  
  161  13:32  Marauder  
  162  13:44  Marine x4  
  162  13:48  Siege Tank x3  
  172  13:51  Medivac x4  
  172  13:52  Marine  
  184  14:02  Marine x4  
  130  14:11  Marauder  
  126  14:19  Marine x2  
  126  14:20  Siege Tank, Marine x2  
  133  14:24  Barracks  
  133  14:25  Barracks  
  133  14:28  Barracks  
  133  14:31  Barracks  
  127  14:32  Marauder  
  127  14:33  Siege Tank x2  
  127  14:37  Marine x3  
  127  14:38  Marine  
  139  14:54  Marauder  
  139  14:55  Marine x4  
  143  15:03  Siege Tank  
  143  15:04  Terran Vehicle Weapons Level 2  
  143  15:05  Siege Tank, Terran Vehicle And Ship Armor Level 2  
  149  15:15  Marauder  
  149  15:20  SCV x5  
  156  15:27  Drilling Claws, Widow Mine  
  158  15:28  Infernal Pre-Igniter  
  158  15:31  Marine x5  
  165  15:36  Marauder, Widow Mine  
  165  15:38  Widow Mine  
  165  15:39  Marine  
  165  15:40  Marine  
  165  15:41  Medivac x2  
  165  15:42  Medivac x2  
  179  15:47  Refinery, Planetary Fortress  
  179  15:48  Refinery, Widow Mine  
  181  15:54  Barracks Reactor x2  
  181  15:55  Command Center, Barracks Reactor  
  181  15:56  Barracks Reactor  
  181  15:58  Terran Infantry Armor Level 2, Terran Infantry Weapons Level 2, Marauder  
  181  16:00  Command Center  
  124  16:13  Marine x4  
  107  16:19  Marauder  
  103  16:29  Liberator  
  103  16:30  Liberator x3  
  103  16:31  Marine x4  
  103  16:32  Marine x5  
  123  16:37  Marine x3  
  127  16:41  Marauder  
  129  16:49  Marine x4  
  129  16:50  Marine x2  
  129  16:53  Marine x2  
  137  16:58  Marine x2  
  139  17:02  Marauder  
  111  17:23  Marauder  
  105  17:37  Marine x4  
  101  17:44  Marine x6  
  103  17:45  Marauder  
  103  17:50  Marine  
  113  17:54  Marine x2  
  113  17:55  Marine x2  
  117  18:02  Barracks Tech Lab  
  117  18:03  Marine x5  
  121  18:06  Marauder  
  121  18:09  Marine x2  
  121  18:12  Marine  
  126  18:14  Planetary Fortress  
  125  18:23  Marine x3  
  125  18:24  Marine x5  
  133  18:27  Marauder  
  135  18:37  Marine x3  
  138  18:49  Marauder  
  140  18:59  Marauder  
  141  19:10  Marauder  
  141  19:13  Refinery  
  141  19:14  Refinery  
  136  19:17  Siege Tank x3  
  136  19:20  Marauder  
  136  19:24  Terran Infantry Weapons Level 3, Terran Infantry Armor Level 3  
  147  19:26  Ghost Academy  
  146  19:32  Marauder  
  146  19:34  Marine x2  
  146  19:38  Marine x7  
  129  19:39  Marine  
  129  19:41  Marauder  
  129  19:45  Marine  
  131  19:51  Siege Tank x2, Marine  
  131  19:52  Marine x2  
  140  19:55  Marine  
  140  19:56  Marine x3  
  138  20:13  Marine x2  
  127  20:16  Marine x4  
  127  20:17  Marine x2  
  127  20:21  Marine x2  
  128  20:24  SCV  
  128  20:25  SCV x2  
  129  20:40  Marine x9  
  137  20:52  Marine x2  
  131  20:58  Marine x2  
  128  21:07  Marine x4, Unknown x2  
  128  21:08  Marine x2  
  128  21:09  Marauder  
  136  21:20  Marine x3  
  136  21:23  Marine  
  136  21:24  Marine  
  139  21:30  Marauder  
  135  21:36  Marauder, Unknown  
  129  21:55  Marine x3  
  132  22:05  SCV x2  
  102  22:34  Marine x4  
  100  22:46  Siege Tank x2  
  104  22:56  Liberator  
  104  22:57  Liberator x3  
  116  23:03  Command Center  
  115  23:16  Marine x2  
  115  23:17  Marine x2  
  118  23:24  Marauder  
  118  23:25  Marine, Marauder  
  110  23:46  Marine x6, Marauder x2  
  110  23:47  Marine  
  113  24:04  Marine  
  113  24:06  Command Center  
  113  24:07  Marauder x2  
  113  24:09  Siege Tank x2  
  124  24:12  Widow Mine  
  126  24:29  Marauder x2  
  130  24:33  Marine x5, Widow Mine  
  130  24:34  Marine x2  
  139  24:41  Widow Mine x2  
  139  24:44  Viking  
  145  24:50  Marauder x2  
  145  24:51  Marine  
  150  24:55  Widow Mine  
  150  24:56  Advanced Ballistics  
  150  25:06  Marine x3  
  156  25:18  Marine x4  
  144  25:24  Marine  
  141  25:32  Starport Tech Lab  
  141  25:39  Orbital Command  
  141  25:40  Starport  
  141  25:43  Starport  
  141  25:49  Battlecruiser  
  147  25:57  Viking  
  130  26:18  Viking  
  130  26:19  Viking  
  123  26:40  Viking  
  125  26:48  Viking x2  
  125  26:49  Starport  
  125  26:50  Starport  
  125  26:51  Starport  
  129  27:15  Command Center  
  126  27:29  Viking  
  130  27:35  Starport Tech Lab  
  130  27:36  Starport Tech Lab  
  127  28:01  Battlecruiser x2  
  132  28:20  Viking  
  134  28:32  Barracks  
  122  28:58  Viking  
  111  29:05  Viking  
  107  29:19  Fusion Core  
  105  29:26  Factory  
  103  29:31  Factory  
  103  29:32  Factory  
Tags
 
Add a new tag
Caveats
  • Supply blocks, unpowered buildings, or Contaminate may cause inaccurate times.
  • Supply counts are checked every 10 seconds.